 Dungeon Crawl Stone Soup version 0.18.1-2-ga659475 (webtiles) character file.

94 SkaryMonk the Shooter (level 4, -8/35 HPs)
             Began as a Centaur Arcane Marksman on May 8, 2016.
             Was an Initiate of Okawaru.
             Mangled by CrazyArbalest's ghost (9 damage)
             ... on level 3 of the Dungeon.
             The game lasted 00:06:39 (2048 turns).

SkaryMonk the Shooter (Centaur Arcane Marksman)     Turns: 2048, Time: 00:06:41

Health: -8/35      AC:  4    Str: 13    XL:     4   Next: 38%
Magic:  1/5        EV:  4    Int: 13    God:    Okawaru [......]
Gold:   73         SH:  0    Dex:  9    Spells: 2 memorised, 2 levels left

rFire  . . .     SeeInvis .     a - +0 shortbow
rCold  . . .     Gourm    .     b - +0 robe
rNeg   . . .     Faith    .     (shield currently unavailable)
rPois  .         Spirit   .     (no helmet)
rElec  .         Dismiss  .     (no cloak)
rCorr  .         Reflect  .     (no gloves)
SustAt .         Harm     .     (no barding)
MR     .....                    (no amulet)
Stlth  +.........               (no ring)
                                (no ring)

@: very slightly contaminated, very quick, not resistant to hostile
enchantments, very unstealthy
A: hooves 3, deformed body, speed 2, tough skin 3
a: Renounce Religion


You were on level 3 of the Dungeon.
You worshipped Okawaru.
Okawaru was noncommittal.
You were very hungry.

You visited 1 branch of the dungeon, and saw 3 of its levels.

You collected 73 gold pieces.

Notes
Turn   | Place    | Note
--------------------------------------------------------------
     0 | D:1      | SkaryMonk the Centaur Arcane Marksman began the quest for the Orb.
     0 | D:1      | Reached XP level 1. HP: 16/16 MP: 2/2
    45 | D:1      | Reached skill level 3 in Bows
   150 | D:1      | Found an iron altar of Okawaru.
   162 | D:1      | Reached XP level 2. HP: 23/23 MP: 3/3
   178 | D:1      | Learned a level 2 spell: Slow
   293 | D:1      | Reached skill level 4 in Bows
   800 | D:1      | Became a worshipper of Warmaster Okawaru
   852 | D:2      | Reached XP level 3. HP: 21/28 MP: 0/4
  1040 | D:2      | Noticed Terence
  1098 | D:2      | Killed Terence
  1098 | D:2      | Reached skill level 5 in Bows
  1344 | D:2      | Reached XP level 4. HP: 35/35 MP: 5/5
  1582 | D:2      | Reached skill level 6 in Bows
  2000 | D:3      | Noticed CrazyArbalest's ghost (amateur MiHu)
  2045 | D:3      | HP: 1/35 [CrazyArbalest's ghost (9)]
  2048 | D:3      | Mangled by CrazyArbalest's ghost

Inventory:

Hand Weapons
 a - a +0 shortbow (weapon)
Missiles
 d - 56 arrows (quivered)
Armour
 b - a +0 robe (worn)
Jewellery
 n - an uncursed ring of fire {unknown}
Scrolls
 e - a scroll of enchant weapon {unknown}
 g - a scroll of teleportation {unknown}
 h - a scroll of fear {unknown}
 i - 6 scrolls of identify {unknown}
 l - 2 scrolls of noise {unknown}
 o - a scroll of immolation {unknown}
 p - a scroll of recharging {unknown}
 r - a scroll of remove curse {unknown}
 s - a scroll of blinking {unknown}
 t - a scroll of amnesia {unknown}
Potions
 j - a potion of cure mutation
 k - a potion of flight {unknown}
 m - a potion of curing
Books
 c - a book of Debilitation

   Spells                             Type                      Level
   a - Corona                         Hexes                        1
   b - Slow                           Hexes                        2
   c - Gell's Gravitas                Hexes/Translocation          3
   d - Inner Flame                    Hexes/Fire                   3
   e - Cause Fear                     Hexes                        4
   f - Leda's Liquefaction            Hexes/Earth                  4
Comestibles
 f - 4 bread rations
 q - a beef jerky

Table legend:
 A = Turns spent in this place as a percentage of turns spent in the entire game.
 B = Non-inter-level travel turns spent in this place as a percentage of non-inter-level travel turns spent in the entire game.
 C = Inter-level travel turns spent in this place as a percentage of turns spent in this place.
 D = Turns resting spent in this place as a percentage of non-inter-level travel turns spent in this place.
 E = Turns spent auto-exploring this place as a percentage of non-inter-level travel turns spent in this place.
 F = Non-inter-level travel turns spent in this place divided by the number of levels of this place that you've seen.
                   A       B       C       D       E      F
               +-------+-------+-------+-------+-------+----------------------
         Total | 100.0 | 100.0 |   1.2 |   1.7 |  17.7 | 160.3
       Dungeon | 100.0 | 100.0 |   1.2 |   1.7 |  17.7 | 160.3
               +-------+-------+-------+-------+-------+----------------------


   Skills:
 - Level 1.0 Fighting
 + Level 6.2 Bows
 - Level 1.3 Dodging
 - Level 1.0 Spellcasting
 - Level 2.6 Hexes


You had 2 spell levels left.
You knew the following spells:

 Your Spells              Type           Power        Failure   Level  Hunger
a - Corona                Hex            #......      12%         1    ##.....
b - Slow                  Hex            #.......     17%         2    ###....


Dungeon Overview and Level Annotations

Branches:
Dungeon (3/15)

Altars:
Okawaru

Annotations:
D:3 CrazyArbalest's ghost, amateur MiHu


Innate Abilities, Weirdness & Mutations

You have hooves in place of feet.
Armour fits poorly on your strangely shaped body.
You cover ground very quickly.
You have extremely tough skin (AC +3).


Message History

[Y]es or [N]o only, please.
Really attack while wielding your +0 shortbow?
Okay, then.
Firing (i - inventory):
d - 58 arrows (quivered)
Press: ? - help, Shift-Dir - straight line, f/p - CrazyArbalest's ghost
Aim: CrazyArbalest's ghost (almost destroyed)
You shoot an arrow.
The arrow barely misses CrazyArbalest's ghost.
CrazyArbalest's ghost completely misses you.
Firing (i - inventory):
d - 57 arrows (quivered)
Press: ? - help, Shift-Dir - straight line, f/p - CrazyArbalest's ghost
Aim: CrazyArbalest's ghost (almost destroyed)
You shoot an arrow.
The arrow hits CrazyArbalest's ghost but does no damage.
CrazyArbalest's ghost is almost destroyed.
CrazyArbalest's ghost hits you!
* * * LOW HITPOINT WARNING * * *
There is a stone staircase leading up here.
CrazyArbalest's ghost hits you!
You die...

#...# .......
#...#.....[.
#(..........
#)# #.# #(#
#.# #.# #####
#.# #@W.#
#.##########.#
#.(....(..##(#
#########.##(#
#W##(# #....#
####.# #.# #(#


You could see CrazyArbalest's ghost.

Table legend:
 A = Kills in this place as a percentage of kills in entire the game.
 B = Kills by you in this place as a percentage of kills by you in the entire game.
 C = Kills by friends in this place as a percentage of kills by friends in the entire game.
 D = Other kills in this place as a percentage of other kills in the entire game.
 E = Experience gained in this place as a percentage of experience gained in the entire game.
 F = Experience gained in this place divided by the number of levels of this place that you have seen.
                   A       B       C       D       E      F
               +-------+-------+-------+-------+-------+----------------------
         Total | 100.0 | 100.0 |  -nan |  -nan | 100.0 |  45.0
       Dungeon | 100.0 | 100.0 |  -nan |  -nan | 100.0 |  45.0
               +-------+-------+-------+-------+-------+----------------------

Vanquished Creatures
  Terence (D:2)
  An adder (D:2)
  An ooze (D:1)
  A worm (D:2)
  3 dart slugs
  A giant gecko (D:2)
  A ball python (D:2)
  10 bats
  3 giant cockroaches
  4 goblins
  6 hobgoblins
  2 jackals (D:2)
  2 kobolds
  2 quokkas
  2 giant newts
  4 rats
44 creatures vanquished.

Action                   |  1- 3 |  4- 6 || total
-------------------------+-------+-------++-------
 Fire: Shortbow          |   109 |    79 ||   188
 Cast: Corona            |     4 |    18 ||    22
       Slow              |     2 |       ||     2
  Use: Potion            |       |     2 ||     2
  Eat: Chunk             |       |     2 ||     2
Armor: Robe              |    16 |    18 ||    34
Dodge: Dodged            |    21 |    30 ||    51

Vault maps used:
D:1:      tarquinn_simple_flora_water_e, okawaru_ov_weapons_minmay
D:2:      uniq_terence
D:3:      nicolae_overflow_crystal_walls, cheibriados_altar_1,
          overflow_temple_1_default, gammafunk_temple_overflow_pools
